 Dungeon Crawl Stone Soup version 0.29.1-12-g30fa7ad0bf (webtiles) character file.

Game seed: 2319283138970739907

366 fantasyman the Chopper (level 6, -4/55 HPs)
             Began as a Hill Orc Fighter on Dec 19, 2022.
             Was an Initiate of Okawaru.
             Killed from afar by Dowan (18 damage)
             ... with a shard of ice
             ... on level 5 of the Dungeon.
             The game lasted 00:03:42 (4046 turns).

fantasyman the Chopper (Hill Orc Fighter)           Turns: 4046, Time: 00:03:43

Health: -4/55      AC:  9    Str: 21    XL:     6   Next: 68%
Magic:  6/6        EV:  4    Int:  8    God:    Okawaru [......]
Gold:   239        SH:  4    Dex: 10    Spells: 5/5 levels left

rFire   . . .      SeeInvis .   l - +4 hand axe (distort)
rCold   . . .      Faith    .   c - +0 buckler
rNeg    . . .      Spirit   .   f - +0 chain mail
rPois   .          Reflect  .   (no helmet)
rElec   .          Harm     .   (no cloak)
rCorr   .          Rampage  .   (no gloves)
Will    .....                   (no boots)
Stlth   ..........              (no amulet)
HPRegen 0.18/turn               (no ring)
MPRegen 0.10/turn               (no ring)

@: mighty, grasped by roots, constricted
A: no striking features
a: Renounce Religion


You were on level 5 of the Dungeon.
You worshipped Okawaru.
Okawaru was noncommittal.
You visited 2 branches of the dungeon, and saw 6 of its levels.

You collected 265 gold pieces.
You donated 26 gold pieces to Zin.

Inventory:

Hand Weapons
 l - a +4 hand axe of distortion (weapon)
Armour
 b - a +0 scale mail
 c - a +0 buckler (worn)
 f - a +0 chain mail (worn)
Jewellery
 n - a ring of see invisible
 p - a +4 ring of protection
Scrolls
 a - a scroll of magic mapping
 e - 2 scrolls of vulnerability {unknown}
 g - a scroll of fear
 j - 5 scrolls of identify
 m - a scroll of poison {unknown}
Potions
 d - a potion of might
 h - 3 potions of heal wounds
 i - 3 potions of lignification {unknown}
 k - 3 potions of attraction {unknown}
 o - 3 potions of curing {unknown}


   Skills:
 + Level 4.9 Fighting
 + Level 6.7 Axes
 + Level 5.2 Armour
 - Level 3.2 Shields


You had 5 spell levels left.
You didn't know any spells.
Your spell library contained the following spells:

 Spells                   Type           Power      Damage    Failure   Level
 Apportation              Tloc           0%         N/A       99%         1
 Necrotise                Necr           0%         1d4       99%         1
 Summon Small Mammal      Summ           Unusable   N/A       N/A         1

Dungeon Overview and Level Annotations

Branches:
Dungeon (5/15)             Temple (1/1) D:4

Altars:
Elyvilon
Fedhas
Hepliaklqana
Nemelex Xobeh
Okawaru
Qazlal
Ru
Sif Muna
Trog
Vehumet
Xom
Yredelemnul
Zin

Shops:
D:1 (

Annotations:
D:5 Dowan


Message History

Duvessa hits you with a +0 rapier!
Unknown command.
Unknown command.
You are too injured to fight recklessly!
Unknown command.
You are too injured to fight recklessly!
Unknown command.
You are too injured to fight recklessly!
Unknown command.
You are too injured to fight recklessly!
Unknown command.
You are too injured to fight recklessly!
Unknown command.
Unknown command.
You barely miss Duvessa.
Duvessa is moderately wounded.
The grasping roots constrict you. Duvessa hits you with a +0 rapier.
You slice Duvessa!!
Space warps horribly around Duvessa!!
You kill Duvessa!
Okawaru is honoured by your kill.
Dowan seems overcome with grief.
Dowan seems to find hidden reserves of power!
The grasping roots constrict you.
The grasping roots release their grip on you.
Your Armour skill increases to level 5!
Dowan closely misses you. Dowan hits you with a +0 dagger.
You slash Dowan!
Dowan is severely wounded.
Dowan blinks!
Dowan zaps a wand.
The roots erupt in riotous growth!
The grasping roots grab you! The grasping roots constrict you.
* * * LOW HITPOINT WARNING * * *
You escape the roots grasp.
Dowan zaps a wand.
The roots erupt in riotous growth!
The grasping roots grab you! The grasping roots constrict you.
* * * LOW HITPOINT WARNING * * *
Dowan casts a spell at you. The shard of ice hits you!!
You die...

#.[...# #.....#
######.....#
#........#########
#.......#.........
#.......#.≈≈≈≈≈≈≈.
#.......#≈.)≈≈≈..≈
#......<#≈.≈...≈.≈
#.......#≈@≈._.≈.≈
#.......#≈.≈...≈.≈
...#######≈..≈≈≈..≈
.... #e≈≈≈≈≈≈≈. .#.
#.........
.######### . .#


You could see Dowan (fast).

Vanquished Creatures
  Duvessa (D:5)
  A necrophage (D:4)
  A scorpion (D:4)
  2 adders (D:3)
  A worm (D:4)
  6 dart slugs
  2 orcs (D:3)
  7 bats
  5 endoplasms
  4 giant cockroaches
  4 goblins
  3 hobgoblins (D:2)
  4 jackals (D:4)
  4 quokkas
  13 ball pythons
  2 frilled lizards
  8 kobolds
  5 rats
  A spectral orc (D:3)
74 creatures vanquished.

Notes
Turn   | Place    | Note
-------+----------+-------------------------------------------
     0 | D:1      | fantasyman the Hill Orc Fighter began the quest for the
                  | Orb.
     0 | D:1      | Reached XP level 1. HP: 19/19 MP: 1/1
   203 | D:1      | Reached XP level 2. HP: 27/27 MP: 2/2
   432 | D:1      | Reached skill level 3 in Axes
   472 | D:1      | Found a faded altar of an unknown god.
   536 | D:1      | Found Agummon's Weapon Boutique.
   690 | D:1      | Reached XP level 3. HP: 33/33 MP: 3/3
  1515 | D:2      | Reached skill level 4 in Axes
  1696 | D:3      | Reached XP level 4. HP: 27/40 MP: 4/4
  1937 | D:3      | Found a blossoming altar of Fedhas.
  2580 | D:3      | Found a shimmering altar of Xom.
  2630 | D:3      | Found a hazy altar of Hepliaklqana.
  3097 | D:4      | Reached skill level 5 in Axes
  3097 | D:4      | Reached XP level 5. HP: 44/47 MP: 5/5
  3548 | D:4      | Reached skill level 6 in Axes
  3548 | D:4      | Reached XP level 6. HP: 41/53 MP: 6/6
  3735 | D:4      | Found a staircase to the Ecumenical Temple.
  3809 | Temple   | Entered the Ecumenical Temple
  3939 | Temple   | Became a worshipper of Zin the Law-Giver
  3939 | Temple   | Reached * piety under Zin
  3951 | Temple   | Fell from the grace of Zin
  3951 | Temple   | Became a worshipper of Warmaster Okawaru
  4026 | D:5      | Entered Level 5 of the Dungeon
  4033 | D:5      | Found a shimmering blue altar of Sif Muna.
  4034 | D:5      | Noticed Duvessa
  4034 | D:5      | Noticed Dowan
  4043 | D:5      | Killed Duvessa
  4044 | D:5      | Reached skill level 5 in Armour
  4046 | D:5      | Killed from afar by Dowan

Illustrated notes

Levels and vault maps discovered:
D:1:      nagdon_arrival_zigzag_paths, layout_basic,
          shapermc_ecumenical_altar_mp_ritualfount, serial_shops, shop,
          minmay_door_square, minmay_misc_feat_encased
D:2:      layout_loops_cross, hangedman_decor_clover_reticule,
          grunt_ministairs_10
D:3:      layout_loops_corners, nicolae_hepliaklqana_monster_ancestors,
          fedhas_altar_3, mainiacjoe_overflow_alcove_4, minmay_surrounded
D:4:      layout_loops_corners, minmay_temple_entry_fiery, minmay_quantized
D:5:      layout_gridville, mainiacjoe_overflow_paths,
          mainiacjoe_overflow_cross_hatched, serial_shops,
          kennysheep_little_box, uniq_duvessa
Temple:   nicolae_temple_figure_zero

Skill      XL: |  1  2  3  4  5  6 |
---------------+-------------------+-----
Axes           | 3 4 5 6 |  6.7
Fighting       | 4 |  4.9
Armour         | 4 5 |  5.2
Shields        | |  3.2

Action                   |  1- 3 |  4- 6 || total
-------------------------+-------+-------++-------
Melee: War axe           |    75 |       ||    75
       Hand axe          |    13 |    71 ||    84
  Use: Scroll            |     4 |       ||     4
       Potion            |       |     1 ||     1
Armor: Scale mail        |    23 |       ||    23
       Chain mail        |    47 |    23 ||    70
Dodge: Dodged            |    38 |    24 ||    62
Block: Buckler           |    18 |    15 ||    33
